 Dungeon Crawl Stone Soup version 0.30-a0-802-gb92711bcdf (webtiles) character file.

Game seed: 7309002973595190154

3468 Newt the Slicer (level 9, -4/68 HPs)
             Began as a Demonspawn Gladiator on Feb 24, 2023.
             Was a Follower of Hepliaklqana.
             Slain by an eight-headed hydra (6 damage)
             ... on level 9 of the Dungeon.
             The game lasted 00:09:28 (9226 turns).

Newt the Slicer (Demonspawn Gladiator)              Turns: 9226, Time: 00:09:29

Health: -4/68      AC:  5    Str: 24    XL:     9   Next: 79%
Magic:  9/9        EV: 11    Int: 10    God:    Hepliaklqana [*.....]
Gold:   230        SH:  9    Dex: 13    Spells: 8/8 levels left

rFire   + . .      SeeInvis .    a - +3 rapier (spect)
rCold   + . .      Faith    .    u - +0 kite shield
rNeg    . . .      Spirit   .    x - +0 troll leather armour
rPois   .          Reflect  .    (helmet unavailable)
rElec   .          Harm     .    (no cloak)
rCorr   .          Rampage  .    (no gloves)
Will    .....                    h - +0 pair of boots
Stlth   +++                      (no amulet)
HPRegen 1.11/turn                g - ring of protection from cold
MPRegen 0.11/turn                (no ring)

@: no status effects
A: reduced essence, horns 3, demonic guardian 1, powered by pain 1, big brain 1,
camouflage 1, fire resistance 1, robust 1, strong 1
a: Renounce Religion, Recall Ancestor, Ancestor Identity


You were on level 9 of the Dungeon.
You worshipped Hepliaklqana.
Hepliaklqana was aware of your devotion.
You visited 1 branch of the dungeon, and saw 9 of its levels.

You collected 555 gold pieces.
You spent 325 gold pieces at shops.

Inventory:

Hand Weapons
 a - a +3 spectral rapier (weapon)
 j - the +3 sling of Antakkich {speed, Fly rF- rN+ Str+4}
   (You bought it in a shop on level 3 of the Dungeon)

   Str:       It affects your strength (+4).
   rF:        It makes you vulnerable to fire.
   rN:        It protects you from negative energy.
   Fly:       It grants you flight.
 m - a +0 dagger of venom
 p - a +2 dagger of venom
Missiles
 r - a javelin
 v - 9 boomerangs (quivered)
Armour
 b - a +0 leather armour
 c - a +0 helmet
 d - a +1 scale mail of positive energy
 h - a +0 pair of boots (worn)
 u - a +0 kite shield (worn)
 x - a +0 troll leather armour (worn)
Jewellery
 g - a ring of protection from cold (left hand)
 t - a ring of ice
 w - a +6 ring of strength
Wands
 e - a wand of light (3)
 q - a wand of iceblast (1)
 E - a wand of mindburst (10)
Scrolls
 f - a scroll of vulnerability
 k - 4 scrolls of teleportation
 l - 3 scrolls of noise
 s - 2 scrolls of magic mapping
 y - a scroll of torment
Potions
 i - 2 potions of flight
 n - a potion of ambrosia
 o - 4 potions of lignification
 z - 2 potions of resistance {unknown}
 A - a potion of brilliance
 B - 2 potions of haste {unknown}
 C - a potion of might
 D - a potion of heal wounds


   Skills:
 - Level 5.0 Fighting
 + Level 9.0 Short Blades
 - Level 4.0 Ranged Weapons
 - Level 1.7 Throwing
 - Level 4.0 Armour
 - Level 4.0 Dodging
 - Level 1.5 Stealth
 - Level 5.0 Shields


You had 8 spell levels left.
You didn't know any spells.
Your spell library contained the following spells:

 Spells                   Type           Power      Damage    Failure   Level
 Magic Dart               Conj           0%         1d3       77%         1
 Slow                     Hex            0%         N/A       77%         1
 Call Imp                 Summ           0%         N/A       88%         2
 Confusing Touch          Hex            0%         N/A       98%         3
 Mephitic Cloud           Conj/Pois/Air  0%         N/A       98%         3
 Stone Arrow              Conj/Erth      0%         3d7       98%         3
 Vampiric Draining        Necr           0%         2d6       98%         3
 Animate Armour           Summ/Erth      0%         N/A       100%        4
 Lehudib's Crystal Spear  Conj/Erth      0%         10d2      100%        8


Dungeon Overview and Level Annotations

Branches:
Dungeon (9/15)             Temple (0/1) D:6
   Lair: D:8-11         Orc: D:9-12

Altars:
Cheibriados
Fedhas
Gozag
Hepliaklqana
Kikubaaqudgha
Okawaru
Ru
Sif Muna
Trog
Uskayaw

Shops:
D:3 (*(:   D:8 [![


Innate Abilities, Weirdness & Mutations

Your life essence is reduced to manifest your ancestor. (-10% HP)
You have a pair of large horns on your head.
A weak demonic guardian rushes to your aid.
You sometimes gain a little power by taking damage.
You have an unusually large brain. (Int +2)
Your skin changes colour to match your surroundings (Stealth+).
Your flesh is heat resistant. (rF+)
You are robust. (+10% HP)
Your muscles are strong. (Str +4, Int/Dex -1)


Message History

The wraith is almost destroyed.
Your +3 spectral rapier hits the wraith!
You destroy the wraith!
Something hits your +3 spectral rapier but does no damage.
Something kicks your +3 spectral rapier but does no damage.
The eight-headed hydra bites something.
Your spectral weapon shares its damage with you!
The eight-headed hydra closely misses something.
The eight-headed hydra barely misses something.
The eight-headed hydra bites something.
Your spectral weapon shares its damage with you!
The eight-headed hydra bites something!
Your spectral weapon shares its damage with you!
The eight-headed hydra bites something!
Your spectral weapon shares its damage with you!
You feel your bond with your spectral weapon wane.
Your Short Blades skill increases to level 9!
You swap places.
The centaur warrior wields a +0 longbow.
The centaur warrior shoots an arrow.
The arrow hits you!
You hear a shout!
Found a falchion.
The centaur warrior unwields a +0 longbow.
The centaur warrior hits you! The centaur warrior kicks you.
You puncture the eight-headed hydra!
Your headbutt misses the eight-headed hydra.
The eight-headed hydra is lightly wounded.
The centaur warrior hits you.
The centaur warrior kicks you but does no damage.
The eight-headed hydra bites you!
* * * LOW HITPOINT WARNING * * *
The eight-headed hydra bites you!
* * * LOW HITPOINT WARNING * * *
A demonic guardian appears!
You block the eight-headed hydra's attack.
The eight-headed hydra barely misses you.
The eight-headed hydra bites you!
* * * LOW HITPOINT WARNING * * *
The eight-headed hydra bites you.
You die...

................#
...............<# #
#...#..######..# ##.
#.##..######..# #.)
#..#..........#
###..##.......(.....#
.....#.............#
#..#.D#.............#
#.Kc@.........<...#
#..#c#R.5...........#
.. ##.............#
#. #......#####..# #
#......# ..#
#.......# ..#
.#....... # .###...


You could see the friendly Synnove the ancestor, an eight-headed hydra, a
centaur warrior (ally target), a kobold brigand, a centaur and a friendly white
imp (summoned).

Vanquished Creatures
  Grinder (D:3)
  A wraith (D:9)
  Edmund (D:5)
  2 water moccasins
  A sky beast (D:7)
  2 black bears
  4 ogres
  2 ice beasts
  2 orc warriors (D:7)
  A centaur (D:8)
  A phantom (D:6)
  2 bullfrogs
  A gnoll sergeant (D:5)
  2 necrophages (D:6)
  3 scorpions
  4 howler monkeys
  4 hounds
  4 orc priests
  Ijyb (D:3)
  2 iguanas (D:6)
  2 orc wizards
  Robin (D:3)
  10 gnolls
  3 adders
  A shadow imp (D:5)
  2 white imps
  2 worms
  2 dart slugs (D:2)
  25 orcs
  2 bats (D:1)
  5 endoplasms
  A giant cockroach (D:1)
  16 goblins
  7 hobgoblins
  13 jackals
  5 quokkas
  5 ball pythons
  3 frilled lizards
  3 kobolds
  2 rats (D:1)
151 creatures vanquished.

Vanquished Creatures (collateral kills)
  A troll (D:9)
  An ogre (D:8)
  A hound (D:7)
  An orc priest (D:5)
  2 gnolls
  2 orcs
  An endoplasm (D:2)
  A rat (D:3)
10 creatures vanquished.

Vanquished Creatures (others)
  2 ancestors
2 creatures vanquished.

Grand Total: 163 creatures vanquished

Notes
Turn   | Place    | Note
-------+----------+-------------------------------------------
     0 | D:1      | Newt the Demonspawn Gladiator began the quest for the Orb.
     0 | D:1      | Reached XP level 1. HP: 16/16 MP: 1/1
   319 | D:1      | Reached skill level 1 in Stealth
   417 | D:1      | Gained mutation: A weak demonic guardian rushes to your
                  | aid. [demonic ancestry]
   417 | D:1      | Reached XP level 2. HP: 17/22 MP: 2/2
   597 | D:1      | Noticed a great orb of eyes
   599 | D:1      | Found a faded altar of an unknown god.
   601 | D:1      | Noticed a floating eye
   601 | D:1      | Noticed an eye of devastation
   601 | D:1      | Noticed a floating eye
   663 | D:1      | You fall into a shaft and drop 1 floor!
   748 | D:2      | Gained mutation: You sometimes gain a little power by
                  | taking damage. [demonic ancestry]
   748 | D:2      | Reached XP level 3. HP: 29/29 MP: 3/3
  2158 | D:3      | Found Xack's Book Shoppe.
  2285 | D:3      | Gained mutation: You have a pair of small horns on your
                  | head. [demonic ancestry]
  2285 | D:3      | Reached XP level 4. HP: 36/37 MP: 4/4
  2308 | D:3      | Found Baytoikewi's Antique Weapon Emporium.
  2314 | D:3      | Found Ojut's Assorted Antiques.
  2356 | D:3      | Noticed Grinder
  2380 | D:3      | Killed Grinder
  2381 | D:3      | Reached skill level 5 in Fighting
  2381 | D:3      | Reached skill level 4 in Short Blades
  2381 | D:3      | Gained mutation: You have a pair of horns on your head.
                  | [demonic ancestry]
  2381 | D:3      | Reached XP level 5. HP: 14/44 MP: 5/5
  2703 | D:3      | Found Kic Soz's Weapon Emporium.
  2814 | D:3      | Noticed Ijyb
  2820 | D:3      | Reached XP level 6. HP: 34/51 MP: 6/6
  2829 | D:3      | HP: 1/51 [gnoll/+0 club (7)]
  2839 | D:3      | Killed Ijyb
  3306 | D:3      | Noticed Robin
  3309 | D:3      | Killed Robin
  3892 | D:4      | Reached skill level 1 in Armour
  4668 | D:4      | Reached XP level 7. HP: 47/56 MP: 7/7
  4873 | D:3      | Bought an ichor-stained sling for 208 gold pieces
  4873 | D:3      | Identified the +3 sling of Antakkich {speed, Fly rF- rN+
                  | Str+4} (You bought it in a shop on level 3 of the Dungeon)
  5207 | D:4      | Found an opulent altar of Gozag.
  5211 | D:4      | Found an iron altar of Okawaru.
  5211 | D:4      | Found a hazy altar of Hepliaklqana.
  5226 | D:4      | Became a worshipper of Hepliaklqana the Forgotten
  5245 | D:4      | Found a sacrificial altar of Ru.
  5309 | D:5      | Entered Level 5 of the Dungeon
  5706 | D:5      | Reached skill level 1 in Ranged Weapons
  6362 | D:5      | Found an ancient bone altar of Kikubaaqudgha.
  6565 | D:6      | Noticed Edmund
  6568 | D:6      | Gained mutation: You have a pair of large horns on your
                  | head. [demonic ancestry]
  6568 | D:6      | Reached XP level 8. HP: 62/62 MP: 8/8
  6594 | D:5      | Killed Edmund
  6599 | D:5      | Reached skill level 5 in Short Blades
  6989 | D:6      | Reached skill level 6 in Short Blades
  7308 | D:6      | Reached skill level 7 in Short Blades
  7340 | D:6      | Found a staircase to the Ecumenical Temple.
  7382 | D:6      | Found a snail-covered altar of Cheibriados.
  7382 | D:6      | Found a hide-covered altar of Uskayaw.
  7390 | D:6      | Found a bloodstained altar of Trog.
  7394 | D:6      | Found a shimmering blue altar of Sif Muna.
  7587 | D:7      | Reached * piety under Hepliaklqana
  7607 | D:7      | Gained mutation: You have an unusually large brain. (Int
                  | +2) [demonic ancestry]
  7607 | D:7      | Reached XP level 9. HP: 43/61 MP: 9/9
  7792 | D:7      | Reached skill level 8 in Short Blades
  7797 | D:7      | Reached skill level 1 in Shields
  8558 | D:8      | Found a blossoming altar of Fedhas.
  8583 | D:8      | Found Hyifont's Antique Armour Shop.
  8623 | D:8      | Reached skill level 5 in Shields
  8836 | D:8      | Found Zogguxtu's Distillery.
  8839 | D:8      | Bought a potion of might for 52 gold pieces
  8839 | D:8      | Bought a potion of heal wounds for 65 gold pieces
  8841 | D:8      | Gained mutation: Your body sometimes deteriorates upon
                  | taking damage. [potion of mutation]
  8842 | D:8      | Lost mutation: Your body sometimes deteriorates upon taking
                  | damage. [potion of mutation]
  8842 | D:8      | Gained mutation: Your muscles are strong. (Str +4, Int/Dex
                  | -1) [potion of mutation]
  8842 | D:8      | Gained mutation: Your skin changes colour to match your
                  | surroundings (Stealth+). [potion of mutation]
  8842 | D:8      | Gained mutation: Your flesh is heat resistant. (rF+)
                  | [potion of mutation]
  8842 | D:8      | Gained mutation: You are robust. (+10% HP) [potion of
                  | mutation]
  8889 | D:8      | Found Wajucz Xirghy's Antique Armour Shop.
  9070 | D:9      | Noticed a troll
  9076 | D:9      | Killed a troll
  9220 | D:9      | Noticed a centaur warrior
  9221 | D:9      | Noticed an eight-headed hydra
  9224 | D:9      | Reached skill level 9 in Short Blades
  9226 | D:9      | HP: 2/68 [eight-headed hydra (10)]
  9226 | D:9      | Slain by an eight-headed hydra

Illustrated notes

Levels and vault maps discovered:
D:1:      minmay_arrival_solitary_statue, layout_basic, serial_curves,
          eino_curves_04, eino_curves_01, hellmonk_ecumenical_altar_watching_god
D:2:      kennysheep_six_static_rooms, layout_basic, amcnicky_mini_pool_small
D:3:      layout_basic, serial_shops, shop, nicolae_shop_bloodbath_and_beyond,
          nicolae_shop_waterfront, nicolae_shop_window_shopping,
          nicolae_kite_square_tiling_tiny, cheibrodos_gnoll_hut, uniq_ijyb,
          uniq_robin, uniq_grinder
D:4:      layout_basic, minmay_overflow_temple_star_hex
D:5:      layout_gridville, marbit_many_paths
D:6:      layout_rooms, chequers_temple_overflow_minitemple,
          minmay_temple_entry_statues, nicolae_sextant, uniq_edmund
D:7:      layout_basic
D:8:      layout_cave_pools, mainiacjoe_overflow_alcove_4, serial_shops,
          nicolae_shop_behind_doors, nicolae_diamond_shop,
          nicolae_take_the_stairs, special_room [special_room_orc]
D:9:      layout_long_grid, mainiacjoe_overflow_concentric_impassable,
          erik_lair_dragon, serial_shops, shop, minmay_ruined_shrine

Skill      XL: |  1  2  3  4  5  6  7  8  9 |
---------------+----------------------------+-----
Stealth        | 1 |  1.5
Fighting       | 3 5 |  5.0
Short Blades   | 4 7 9 |  9.0
Dodging        | 4 |  4.0
Armour         | 2 4 |  4.0
Ranged Weapons | 4 |  4.0
Shields        | 5 |  5.0
Throwing       | |  1.7

Action                     |  1- 3 |  4- 6 |  7- 9 || total
---------------------------+-------+-------+-------++-------
  Melee: Rapier            |   130 |       |   132 ||   262
         Punch             |     4 |     2 |     1 ||     7
         Dagger            |    41 |   104 |     1 ||   146
         Headbutt          |       |    23 |    33 ||    56
   Fire: Sling             |       |       |    96 ||    96
  Throw: Throwing net      |       |     2 |     5 ||     7
         Javelin           |       |     2 |     2 ||     4
         Boomerang         |       |       |    10 ||    10
  Evoke: Wand              |       |     4 |     4 ||     8
    Use: Scroll            |     7 |     3 |    10 ||    20
         Potion            |       |     2 |     3 ||     5
   Stab: Sleeping          |     8 |     1 |       ||     9
         Held in net/web   |       |       |     3 ||     3
         Distracted        |       |       |     2 ||     2
 Armour: Leather armour    |    55 |    27 |    12 ||    94
         Troll leather arm |       |       |     1 ||     1
  Dodge: Dodged            |   118 |    71 |    86 ||   275
  Block: Kite shield       |       |       |    20 ||    20

Table legend: (Time is in decaauts)
 A = Elapsed time spent in this place.
 B = Non-inter-level travel time spent in this place.
 C = Inter-level travel time spent in this place.
 D = Time resting spent in this place.
 E = Time spent auto-exploring this place.
 F = Levels seen in this place.
 G = Mean time per level.
                   A        B        C        D        E       F      G
               +--------+--------+--------+--------+--------+-----+--------+
         Total |   9191 |   8861 |    330 |   2856 |   4899 |   9 | 1021.2 |
       Dungeon |   9191 |   8861 |    330 |   2856 |   4899 |   9 | 1021.2 |
               +--------+--------+--------+--------+--------+-----+--------+

Top non-repeatable levels by time:
     D:3: 2334 daAuts
     D:5: 1536 daAuts
     D:2: 1098 daAuts
     D:1: 990 daAuts
     D:4: 872 daAuts
     D:7: 850 daAuts
     D:8: 724 daAuts
     D:6: 628 daAuts
     D:9: 155 daAuts
